 Dungeon Crawl Stone Soup version 0.29.1-1-gd02db6906a (webtiles) character file.

Game seed: 9401444626319024258

11 croobank the Caller (level 2, -1/11 HPs)
             Began as a Felid Summoner on Oct 17, 2022.
             Slain by an adder (4 damage)
             ... on level 1 of the Dungeon.
             The game lasted 00:02:59 (1089 turns).

croobank the Caller (Felid Summoner)                Turns: 1089, Time: 00:03:00

Health: -1/11      AC:  1    Str:  4    XL:     2   Next: 13%
Magic:  2/6        EV: 17    Int: 16    God:
Gold:   27         SH:  0    Dex: 16    Spells: 2/5 levels left
                                        Lives:  0   Deaths: 0

rFire   . . .      SeeInvis +   (weapon unavailable)
rCold   . . .      Faith    .   (shield unavailable)
rNeg    . . .      Spirit   .   (body armour unavailable)
rPois   .          Reflect  .   (helmet unavailable)
rElec   .          Harm     .   (cloak unavailable)
rCorr   .          Rampage  .   (gloves unavailable)
Will    .....                   (boots unavailable)
Stlth   ++........              (no amulet)
HPRegen 0.03/turn               (no ring)
MPRegen 0.10/turn               (no ring)

@: very slightly contaminated, quick
A: very small, claws 1, fangs 3, see invisible, speed 1, shaggy fur 1, stealthy
paws, no weapons or thrown items, no armour, multi-lived
a: no special abilities


You were on level 1 of the Dungeon.
You visited 1 branch of the dungeon, and saw 2 of its levels.

You collected 27 gold pieces.

Inventory:

Scrolls
 b - a scroll of enchant weapon {unknown}
 c - a scroll of silence {unknown}
 g - a scroll of identify {unknown}
Potions
 a - a potion of magic
 d - a potion of ambrosia {unknown}
 e - a potion of haste {unknown}
 f - a potion of mutation {unknown}


   Skills:
 + Level 3.0 Dodging
 + Level 3.1 Stealth
 + Level 2.2 Spellcasting
 + Level 4.1 Summonings


You had 2 spell levels left.
You knew the following spells:

 Your Spells              Type           Power      Damage    Failure   Level
a - Summon Small Mammal   Summ           60%        N/A       3%          1
b - Call Imp              Summ           15%        N/A       5%          2

Your spell library contained the following spells:

 Spells                   Type           Power      Damage    Failure   Level
 Ensorcelled Hibernation  Hex/Ice        2%         N/A       30%         2
 Call Canine Familiar     Summ           15%        N/A       11%         3
 Summon Guardian Golem    Hex/Summ       8%         N/A       26%         3
 Spider Form              Tmut/Pois      1%         N/A       52%         3
 Summon Lightning Spire   Summ/Air       8%         N/A       65%         4
 Anguish                  Hex/Necr       0%         N/A       90%         4


Dungeon Overview and Level Annotations

Branches:
Dungeon (2/15)

Altars:

Shops:
D:1 (


Innate Abilities, Weirdness & Mutations

You have sharp claws.
You have razor-sharp teeth.
You have supernaturally acute eyesight. (SInv)
You cover ground quickly. (Speed+)
You are covered in fur. (AC +1)
Your paws help you pounce on unaware monsters.
You are incapable of wielding weapons or throwing items.
You cannot wear armour.
You gain extra lives every three experience levels.


Message History

Casting: Summon Small Mammal (safe; 3% risk of failure)
Confirm with . or Enter, or press ? or * to list all spells.
Your crimson imp blinks!
You swap places.
You swap places.
You swap places.
The adder barely misses your rat.
Your rat barely misses the adder.
The adder bites your rat.
Your rat dies!
Your rat's corpse disappears in a puff of smoke!
The worm bites your rat!
Your rat dies!
Your rat's corpse disappears in a puff of smoke!
There is a stone staircase leading up here.
Your crimson imp hits the worm.
You climb upwards.
There is a stone staircase leading down here.
You start resting.
Magic restored.
You climb downwards.
The adder completely misses you.
There is a stone staircase leading up here.
The adder barely misses you. The adder bites you.
You are poisoned.
The adder poisons you!
You climb upwards.
You feel sick.
There is a stone staircase leading down here.
Casting: Summon Small Mammal (safe; 3% risk of failure)
Confirm with . or Enter, or press ? or * to list all spells.
You feel sick. The adder completely misses you.
Casting: Summon Small Mammal (safe; 3% risk of failure)
Confirm with . or Enter, or press ? or * to list all spells.
You miscast Call Imp.
You are very lightly contaminated with residual magic.
Nothing appears to happen.
You feel sick.
You are no longer poisoned.
The adder barely misses you.
Your quokka barely misses the adder.
Casting: Call Imp (safe; 5% risk of failure)
Confirm with . or Enter, or press ? or * to list all spells.
The adder bites you.
You die...

#....# #........#
##....###
##########
#.......#
#.......#
#....)..#
#.......##
####........#
#.....####≈≈######
#.###.'..∩r.@.b'.#
#.# #.####≈S####.#
#.###.#######.#..#
#...........#...##
#######
#####.#####.#.###
#...... #.# #.#.#
#.##### #.# #.#.#
#.# #.# #.#.# #.#
#.###
#.#.#########.#


You could see an adder (ally target), a friendly quokka (summoned) and a
friendly bat (summoned).

Vanquished Creatures
  A frilled lizard (D:1)
1 creature vanquished.

Vanquished Creatures (collateral kills)
  2 ball pythons (D:1)
  2 endoplasms (D:1)
  3 goblins (D:1)
  A bat (D:1)
  A kobold (D:1)
9 creatures vanquished.

Grand Total: 10 creatures vanquished

Notes
Turn   | Place    | Note
-------+----------+-------------------------------------------
     0 | D:1      | croobank the Felid Summoner began the quest for the Orb.
     0 | D:1      | Reached XP level 1. HP: 7/7 MP: 4/4
   150 | D:1      | Found a faded altar of an unknown god.
   202 | D:1      | Found Supsuxt's Weapon Shop.
   619 | D:1      | Reached XP level 2. HP: 11/11 MP: 3/6
   622 | D:1      | Learned a level 2 spell: Call Imp
  1089 | D:1      | Slain by an adder

Illustrated notes

Levels and vault maps discovered:
D:1:      dpeg_arrival_round_a, layout_basic,
          hellmonk_ecumenical_altar_inner_sanctum, serial_shops,
          nicolae_shop_hallway_stairs
D:2:      layout_basic

Skill      XL: |  1 |
---------------+----+-----
Stealth        | 3 |  3.1
Dodging        | 3 |  3.0
Spellcasting   | |  2.2
Summonings     | |  4.1

Action                   || total
-------------------------++-------
Melee: Unarmed           ||     1
 Cast: Summon Small Mamm ||    23
       Call Imp          ||     3
 Stab: Sleeping          ||     1
Dodge: Dodged            ||     5
